 Dungeon Crawl Stone Soup version 0.24-a0-375-g4de66ed42b (console) character file.

Game seed: 9462722175411002791

34 Lexodia the Shield-Bearer (level 3, -1/36 HPs)
             Began as a Troll Fighter on May 31, 2019.
             Slain by Sigmund
             ... wielding a +0 scythe
              (8 damage)
             ... on level 2 of the Dungeon.
             The game lasted 00:01:35 (708 turns).

Lexodia the Shield-Bearer (Troll Fighter)            Turns: 708, Time: 00:01:36

Health: -1/36      AC:  6    Str: 22 (24) XL:     3   Next: 14%
Magic:  2/2        EV:  8    Int:  1 (4)  God:
Gold:   57         SH:  8    Dex:  9 (10) Spells: 2/2 levels left

rFire    . . .     SeeInvis .     - Unarmed
rCold    . . .     Gourm    +   b - +0 shield
rNeg     . . .     Faith    .   a - +0 robe
rPois    .         Spirit   .   (helmet restricted)
rElec    .         Reflect  .   (no cloak)
rCorr    .         Harm     .   (gloves unavailable)
MR       .....                  (boots unavailable)
Stlth    +.........             (no amulet)
HPRegen  0.52/turn              (no ring)
MPRegen  0.08/turn              (no ring)

@: no status effects
A: large, unfitting armour, claws 3, fast metabolism 3, gourmand, regeneration
1, shaggy fur 1, tough skin 3
a: no special abilities


You were on level 2 of the Dungeon.
You were completely stuffed.

You visited 1 branch of the dungeon, and saw 2 of its levels.

You collected 57 gold pieces.

Inventory:

Missiles
 l - 87 stones (quivered)
 m - 4 silver javelins
Armour
 a - a +0 robe (worn)
 b - a +0 shield (worn)
Scrolls
 e - a scroll of teleportation {unknown}
 g - a scroll of fog {unknown}
 h - a scroll of enchant weapon {unknown}
 i - 6 scrolls of identify {unknown}
Potions
 c - 2 potions of might
 f - a potion of flight {unknown}
 j - 2 potions of degeneration
 k - 3 potions of heal wounds {unknown}
 n - 2 potions of curing
 o - a potion of mutation {unknown}
 p - a potion of lignification {unknown}
Comestibles
 d - 6 rations
 q - 3 chunks of flesh


   Skills:
 + Level 2.5 Fighting
 + Level 0.9 Throwing
 + Level 0.4 Armour
 + Level 2.5 Dodging
 + Level 0.3 Stealth
 + Level 2.5 Shields
 + Level 2.3 Unarmed Combat


You had 2 spell levels left.
You didn't know any spells.
Your spell library was empty.

Dungeon Overview and Level Annotations

Branches:
Dungeon (2/15)

Altars:

Annotations:
D:2 Sigmund


Innate Abilities, Weirdness & Mutations

You are too large for most types of armour.
You have claws for hands.
Your metabolism is lightning-fast.
You like to eat raw meat.
Your natural rate of healing is unusually fast.
You are covered in fur. (AC +1)
You have extremely tough skin. (AC +3)


Message History

You're too confused to move!
It was a potion of degeneration.
There was something very wrong with that liquid.
You feel weakened.
You feel dopey.
You feel clumsy. Something hits you.
* * * LOW HITPOINT WARNING * * *
Huge Dmg: -6%(-2hp) hp: 14%(5hp) It was a potion of curing.
You feel better. Something hits you but does no damage.
You scratch something.
You hear some strange, mumbled words.
A magic dart appears from out of thin air!
The magic dart hits you but does no damage.
You barely miss something. Something hits you!
* * * LOW HITPOINT WARNING * * *
Huge Dmg: -25%(-9hp) hp: 14%(5hp)
You miss something. Something hits you but does no damage.
You claw something! You scratch something but do no damage. Something hits you!
You die...

........... #.#.### ...........
#.#.... #.........# ..........
.......)... .......... ###
#.......... ........# ..#
#.......... ........# #.# #.
#.......... ........# #{# #.
#.......... ........##
#@###.###........#
......#..#######..##..###........
#..............##.#.............#
#.##................##.##.###..##
..######.....#.....##............
..# #........#........####..##
########..................# #...#
###........##.....###.###.###...#
.................รท..........#...#


There were no monsters in sight!

Vanquished Creatures
  An adder (D:2)
  A dart slug (D:2)
  A worm (D:2)
  A leopard gecko (D:1)
  2 giant cockroaches
  6 goblins
  3 hobgoblins
  A bat (D:2)
  A kobold (D:1)
  2 rats (D:2)
19 creatures vanquished.

Notes
Turn   | Place    | Note
-------+----------+-------------------------------------------
     0 | D:1      | Lexodia the Troll Fighter began the quest for the Orb.
     0 | D:1      | Reached XP level 1. HP: 22/22 MP: 0/0
    21 | D:1      | Huge Dmg: 5 dmg
   413 | D:1      | Reached XP level 2. HP: 29/29 MP: 1/1
   594 | D:2      | Huge Dmg: 6 dmg
   594 | D:2      | Reached XP level 3. HP: 25/36 MP: 2/2
   687 | D:2      | Noticed Sigmund
   691 | D:2      | Huge Dmg: 12 dmg
   694 | D:2      | Huge Dmg: 5 dmg
   696 | D:2      | Huge Dmg: 6 dmg
   697 | D:2      | Huge Dmg: 7 dmg
   702 | D:2      | Huge Dmg: 2 dmg
   706 | D:2      | Huge Dmg: 9 dmg
   708 | D:2      | Slain by Sigmund

Levels and vault maps discovered:
D:1:      dpeg_arrival_short_road, layout_rooms
D:2:      layout_rooms, serial_curves, eino_curves_04, eino_curves_01,
          uniq_sigmund

Action                   || total
-------------------------++-------
Melee: Unarmed           ||    69
  Use: Potion            ||     2
  Eat: Chunk             ||    12
Armor: Robe              ||    28
Dodge: Dodged            ||    21
Block: Shield            ||    29

Table legend:
 A = Non-vault XP
 B = Vault XP
 C = Vault XP percentage of total XP
 D = Non-vault monster count
 E = Vault monster count
 F = Vault count percentage of total count
                 A         B        C        D         E       F
            +---------+---------+-------+---------+---------+-------
      Total |      49 |       0 |   0.0 |      19 |       0 |   0.0
            +---------+---------+-------+---------+---------+-------
        D:1 |      14 |       0 |   0.0 |       7 |       0 |   0.0
        D:2 |      35 |       0 |   0.0 |      12 |       0 |   0.0
            +---------+---------+-------+---------+---------+-------
